 Dungeon Crawl Stone Soup version 0.31-a0-920-g28cbb04a8c (webtiles) character file.

Game seed: 13506435194102216640

3508 ytrimaz the Martial Artist (level 9, -8/59 HPs)
             Began as a Demonspawn Shapeshifter on Oct 17, 2023.
             Was a Follower of Okawaru.
             Hit by a large rock thrown by a cyclops (16 damage)
             ... on level 7 of the Dungeon.
             The game lasted 00:10:00 (7716 turns).

ytrimaz the Martial Artist (DsSh)                   Turns: 7716, Time: 00:10:01

Health: -8/59      AC:  4    Str: 14    XL:     9   Next: 81%
Magic:  11/12      EV: 12    Int: 11    God:    Okawaru [*.....]
Gold:   208        SH:  0    Dex: 18    Spells: 8/8 levels left

rFire   + .          .
                       - Unarmed
rCold   . . .        (shield currently unavailable)
rNeg    . . .        r - +1 scale mail
rPois   +            (no helmet)
rElec   .            (no cloak)
rCorr   .            a - +0 pair of gloves
SInv    .            (no boots)
Will    .....        f - amulet of the acrobat
Stlth   +            i - ring of poison resistance
HPRegen 0.29/turn    s - ring of protection from fire
MPRegen 0.13/turn

%: acrobat
@: about to teleport, flux-form, corroded, glowing
A: glow, contaminating, foul stench 1, powered by death 2, sturdy frame 3
a: Begin Untransformation, Renounce Religion, Heroism


You were on level 7 of the Dungeon.
You worshipped Okawaru.
Okawaru was aware of your devotion.
You were something dangerously unstable.
You visited 2 branches of the dungeon, and saw 8 of its levels.

You collected 390 gold pieces.
You spent 182 gold pieces at shops.


Innate Abilities, Weirdness & Mutations

You are something dangerously unstable.
You glow with magical radiation, making you easy to see and hit.
Foes you strike become dangerously contaminated with magical radiation.
You are incapable of wielding weapons or throwing items.
You may rarely emit foul miasma when damaged in melee.
You regenerate health from kills.
Your movements are significantly less encumbered by armour. (ER -6)


   Skills:
 - Level 1.0 Fighting
 - Level 1.7 Dodging
 + Level 9.3 Unarmed Combat
 + Level 4.2 Invocations
 + Level 8.6 Shapeshifting


You had 8 spell levels left.
You didn't know any spells.
Your spell library contained the following spells:

 Spells                   Type           Power      Damage    Failure   Level
 Vhi's Electric Charge    Tloc/Air       0%         N/A       99%         4
 Arcjolt                  Conj/Air       0%         1d10      100%        5
 Plasma Beam              Fire/Air       0%         2x1d10    100%        6
 Orb of Destruction       Conj           0%         9d5       100%        7
 Summon Guardian Golem    Hex/Summ       Unusable   N/A       N/A         3
 Spellforged Servitor     Conj/Summ      Unusable   N/A       N/A         7

Inventory:

Armour
 a - a +0 pair of gloves (worn)
   (You found it on level 1 of the Dungeon)
 o - +0 acid dragon scales
   (You took it off Maggie on level 6 of the Dungeon)
 r - a +1 scale mail (worn)
   (You found it on level 4 of the Dungeon)
 t - a +0 plate armour
   (You found it on level 4 of the Dungeon)
Jewellery
 f - an amulet of the acrobat (around neck)
   (You found it on level 2 of the Dungeon)
 i - a ring of poison resistance (left hand)
   (You found it on level 1 of the Dungeon)
 s - a ring of protection from fire (right hand)
   (You found it on level 4 of the Dungeon)
 u - a ring of flight
   (You found it on level 4 of the Dungeon)
Talismans
 c - a beast talisman
 d - a flux talisman (active)
 q - a storm talisman
   (You found it on level 7 of the Dungeon)
Wands
 g - a wand of roots (11) (quivered)
   (You took it off Jeremiah on level 6 of the Dungeon)
 y - a wand of charming (9)
   (You found it on level 5 of the Dungeon)
Scrolls
 e - 2 scrolls of enchant armour
 h - 2 scrolls of amnesia
 j - a scroll of torment
 p - 2 scrolls of revelation {unknown}
 x - 2 scrolls of vulnerability
Potions
 b - a potion of lignification
 k - 4 potions of curing
 l - a potion of brilliance {unknown}
 m - a potion of invisibility
 n - 2 potions of mutation
 w - a potion of enlightenment
 z - a potion of degeneration {unknown}
 A - 2 potions of attraction {unknown}

Dungeon Overview and Level Annotations

Branches:
Dungeon (7/15) Zot: 26329  Temple (1/1) D:6 Zot: 5901

Altars:
Cheibriados
Gozag
Hepliaklqana
Kikubaaqudgha
Okawaru
Qazlal
Ru
Sif Muna
Uskayaw
Vehumet
Wu Jian
Xom
Yredelemnul

Shops:
D:5

! ....... #......## .##
....... .. #...........
.....##### ... ##....#
.... .....#...
#...#.....# #..
.....#.... #..#.....#
#.## #.........
#.......###..# #........
#..:........####......#
#.......p..)f).#......#
#...........##).......#
#
#.C####...##.####......#
# #. #...##.# #......# #
#...##.#######.#####
.....................
#.........#..........#
#.........#..........#
..........#..........#


You could see a cyclops and a sleepcap.


Message History

😮 HP[+2]
You regained 2 hp, and now have 43/59 hp. 😮 HP[+1] 😕 HP[+1]
Aiming: Fastroot
Press: ? - help, Q - select action, (/) - cycle Shift-Dir - straight line, f - gargoyle
Aim: a gargoyle, wielding a +0 mace The roots erupt in riotous growth!
The jelly is unaffected.
Roots grab the gargoyle.
The grasping roots constrict the gargoyle. 😕 HP[+1] Unknown command.
The grasping roots constrict the gargoyle.
Unknown command.
Aiming: Fastroot
Press: ? - help, Q - select action, (/) - cycle Shift-Dir - straight line, f - you, p - gargoyle The roots erupt in riotous growth!
The grasping roots constrict the gargoyle.
The roots release their grip on the gargoyle.
Unknown command.
Aiming: Fastroot
Press: ? - help, Q - select action, (/) - cycle Shift-Dir - straight line, f - gargoyle
Aim: a gargoyle, wielding a +0 mace (heavily damaged)
The roots erupt in riotous growth!
The jelly is unaffected.
Roots grab the gargoyle.
The grasping roots constrict the gargoyle, but do no damage.
You hear a shout!
Unknown command.
Aiming: Fastroot
Press: ? - help, Q - select action, (/) - cycle Shift-Dir - straight line, f/p - gargoyle
Aim: a gargoyle, wielding a +0 mace (heavily damaged, constricted by roots)
The roots erupt in riotous growth!
The jelly is unaffected.
The gargoyle is unaffected.
The grasping roots constrict the gargoyle, but do no damage.
The roots release their grip on the gargoyle. 😕 HP[+1] Unknown command.
You punch the jelly!
The jelly begins to glow.
Your hands burn!
The jelly misses you. 😕 HP[-1]
You take 1 damage, and now have 46/59 hp.
You hit the jelly.
The jelly glows dangerously bright.
Your hands burn!
The jelly hits you. The acid corrodes you!
You are splashed with acid!
* * * LOW HITPOINT WARNING * * *
😨 HP[-18]
You take 18 damage, and now have 28/59 hp.
MASSIVE DAMAGE!! (PAUSE)
You punch the jelly!
You kill the jelly!
Okawaru accepts your kill.
You hit the gargoyle but do no damage.
The gargoyle begins to glow.
A vampire comes into view. It is wielding a +0 spear.
The gargoyle hurls a stone arrow at you.
The stone arrow misses you. 😨 HP[+1] Unknown command.
You hit the gargoyle.
The gargoyle glows dangerously bright.
The gargoyle completely misses you.
You hit the gargoyle but do no damage.
The gargoyle shudders as magic cascades through it!
The gargoyle hurls a stone arrow at you.
The stone arrow hits you!!
* * * LOW HITPOINT WARNING * * *
😱 HP[-21]
You take 21 damage, and now have 8/59 hp.
MASSIVE DAMAGE!! (PAUSE)
You hit the gargoyle.
You destroy the gargoyle!
Okawaru is honoured by your kill.
You can now gain great but temporary skills.
Your Invocations skill increases to level 4! 😱 HP[+2]
You regained 2 hp, and now have 10/59 hp.
As you read the scroll of teleportation, it crumbles to dust.
You feel strangely unstable.
The vampire gestures wildly while chanting.
The vampire flickers and vanishes!
Deactivating autopickup; reactivate with Ctrl-A. 😱 HP[+2]
You regained 2 hp, and now have 12/59 hp.
The sleepcap attacks as it pursues you!
The sleepcap completely misses you. 😱 HP[+2]
You regained 2 hp, and now have 14/59 hp.
Your surroundings suddenly seem different. 😨 HP[+1] 😨 HP[+1]
A cyclops comes into view.
Something barely misses you. 😨 HP[+2]
You regained 2 hp, and now have 18/59 hp.
Unknown command.
As you read the scroll of teleportation, it crumbles to dust.
You feel strangely unstable. Something hits you!
* * * LOW HITPOINT WARNING * * *
The cyclops throws a large rock.
The large rock hits you!
You die...

Skill      XL: |  1  2  3  4  5  6  7  8  9 |
---------------+----------------------------+-----
Unarmed Combat | 3 4 6 8 9 |  9.3
Shapeshifting  | 3 4 6 7 8 |  8.6
Invocations    | 4 |  4.2
Fighting       | |  1.0
Dodging        | |  1.7

Action                     |  1- 3 |  4- 6 |  7- 9 || total
---------------------------+-------+-------+-------++-------
  Melee: Unarmed           |    64 |   156 |   255 ||   475
         Punch             |       |     2 |     8 ||    10
  Evoke: Wand              |       |     2 |     8 ||    10
    Use: Potion            |     2 |     5 |     3 ||    10
         Scroll            |       |       |    11 ||    11
   Stab: Sleeping          |       |     2 |     1 ||     3
 Armour: Animal skin       |    10 |       |       ||    10
         Leather armour    |    21 |    22 |       ||    43
         Skin              |     2 |       |     2 ||     4
         Ring mail         |       |    24 |       ||    24
         Plate armour      |       |    15 |       ||    15
         Scale mail        |       |     5 |   143 ||   148
  Dodge: Dodged            |    36 |    70 |   206 ||   312
   Form: Flux              |       |       |     1 ||     1

Levels and vault maps discovered:
D:1:      dpeg_arrival_long_road, layout_loops_corners, serial_aquarium,
          aquarium_bridge_island_small [aquarium_subvault_small_water,
          aquarium_subvault_window, aquarium_subvault_bridge,
          aquarium_subvault_wall, aquarium_subvault_window],
          aquarium_window_fake, aquarium_window_fake, aquarium_window_2,
          aquarium_view_2c, aquarium_pool_corner
D:2:      layout_loops_cross, ebering_ecumenical_altar_box, minmay_crystal_room,
          uniq_natasha, uniq_sigmund
D:3:      layout_loops_ring, lemuel_round_altar
D:4:      layout_basic, uniq_pikel
D:5:      layout_gridville, nicolae_overflow_hidden_temple, serial_shops, shop,
          minmay_quadrilaterals
D:6:      layout_layer_cave, minmay_temple_entry_gardened_gates, uniq_maggie,
          uniq_jeremiah
D:7:      layout_basic, minmay_manual_mail
Temple:   zaba_magenta_temple

Notes
Turn   | Place    | Note
-------+----------+-------------------------------------------
     0 | D:1      | ytrimaz the Demonspawn Shapeshifter began the quest for the
                  | Orb.
     0 | D:1      | Reached XP level 1. HP: 15/15 MP: 1/1
     0 | D:1      | magus.rc [v1.9.6]
   179 | D:1      | Reached skill level 3 in Unarmed Combat
   179 | D:1      | Gained mutation: Your movements are slightly less
                  | encumbered by armour. (ER -2) [demonic ancestry]
   179 | D:1      | Reached XP level 2. HP: 11/21 MP: 2/2
   398 | D:1      | Reached skill level 3 in Shapeshifting
  1134 | D:2      | Gained mutation: You may rarely emit foul miasma when
                  | damaged in melee. [demonic ancestry]
  1134 | D:2      | Reached XP level 3. HP: 20/26 MP: 3/3
  1214 | D:2      | Noticed Sigmund
  1226 | D:2      | HP: 4/26 [something (11)]
  1228 | D:2      | HP: 1/39 [something/magic dart (6)]
  1231 | D:2      | Killed Sigmund
  1232 | D:2      | Reached skill level 4 in Unarmed Combat
  1232 | D:2      | Reached skill level 4 in Shapeshifting
  1232 | D:2      | Reached XP level 4. HP: 2/32 MP: 4/4
  1232 | D:2      | Gained mutation: Your movements are less encumbered by
                  | armour. (ER -4) [demonic ancestry]
  1232 | D:2      | Reached XP level 5. HP: 3/37 MP: 5/5
  1395 | D:2      | Noticed Natasha
  1411 | D:2      | Killed Natasha
  1493 | D:2      | Noticed Natasha
  1501 | D:2      | Killed Natasha
  1724 | D:2      | Found a faded altar of an unknown god.
  1895 | D:2      | Noticed Natasha
  1908 | D:2      | Killed Natasha
  1909 | D:2      | Gained mutation: Your movements are significantly less
                  | encumbered by armour. (ER -6) [demonic ancestry]
  1909 | D:2      | Reached XP level 6. HP: 31/43 MP: 6/6
  2766 | D:3      | Found a basalt altar of Yredelemnul.
  3059 | D:4      | Reached skill level 5 in Unarmed Combat
  3450 | D:4      | Reached skill level 5 in Shapeshifting
  3463 | D:4      | Noticed Pikel
  3470 | D:4      | HP: 7/43 [Pikel/+0 whip of electrocution (7)]
  3483 | D:4      | HP: 7/43 [Pikel/+0 whip of electrocution (19)]
  3489 | D:4      | Killed Pikel
  3490 | D:4      | Reached skill level 6 in Unarmed Combat
  3490 | D:4      | Reached skill level 6 in Shapeshifting
  3490 | D:4      | Gained mutation: You regenerate a little health from kills.
                  | [demonic ancestry]
  3490 | D:4      | Reached XP level 7. HP: 10/48 MP: 7/7
  3882 | D:5      | Entered Level 5 of the Dungeon
  4035 | D:5      | Found Iryorer's Distillery.
  4041 | D:5      | Bought a potion of heal wounds for 70 gold pieces
  4041 | D:5      | Bought a potion of mutation for 112 gold pieces
  4053 | D:5      | Reached XP level 8. HP: 15/54 MP: 8/8
  4056 | D:5      | HP: 13/54 [poisoned by a scorpion]
  4222 | D:5      | You pick up a book of Lightning and begin reading...
  4222 | D:5      | You add the spells Vhi's Electric Charge, Arcjolt and
                  | Plasma Beam to your library.
  4288 | D:5      | HP: 5/54 [ogre/+0 giant club (32)]
  4613 | D:5      | Reached skill level 7 in Unarmed Combat
  4915 | D:5      | Found an iron altar of Okawaru.
  5142 | D:6      | Reached skill level 7 in Shapeshifting
  5404 | D:6      | Found a staircase to the Ecumenical Temple.
  5417 | Temple   | Entered the Ecumenical Temple
  5535 | D:6      | You pick up a book of Dangerous Friends and begin
                  | reading...
  5535 | D:6      | You add the spells Summon Guardian Golem, Orb of
                  | Destruction and Spellforged Servitor to your library.
  5597 | D:6      | Noticed Maggie
  5611 | D:6      | Killed Maggie
  5612 | D:6      | Reached skill level 8 in Unarmed Combat
  5815 | D:6      | Gained mutation: You regenerate health from kills. [demonic
                  | ancestry]
  5815 | D:6      | Reached XP level 9. HP: 59/59 MP: 9/9
  6515 | D:6      | Noticed Jeremiah
  6568 | D:6      | HP: 12/54 [Jeremiah/divine providence (16)]
  6574 | D:6      | Killed Jeremiah
  6575 | D:6      | Reached skill level 8 in Shapeshifting
  6971 | D:5      | Became a worshipper of Warmaster Okawaru
  7184 | D:7      | Reached skill level 1 in Invocations
  7598 | D:7      | Reached skill level 2 in Invocations
  7636 | D:7      | Reached skill level 9 in Unarmed Combat
  7677 | D:7      | Noticed a gargoyle
  7681 | D:7      | Reached skill level 3 in Invocations
  7709 | D:7      | HP: 8/59 [gargoyle/stone arrow (21)]
  7710 | D:7      | Killed a gargoyle
  7710 | D:7      | Reached * piety under Okawaru
  7711 | D:7      | Reached skill level 4 in Invocations
  7715 | D:7      | Noticed a cyclops
  7716 | D:7      | HP: 8/59 [something (10)]
  7716 | D:7      | Hit by a large rock thrown by a cyclops

Vanquished Creatures
  Pikel (D:4)
  A gargoyle (D:7)
  Maggie (D:6)
  Jeremiah (D:6)
  Sigmund (D:2)
  A steam dragon (D:6)
  A water moccasin (D:7)
  An orc warrior (D:7)
  A sky beast (D:6)
  2 ice beasts
  A black bear (D:5)
  3 ogres
  A lemure (D:4)
  2 bullfrogs
  2 scorpions
  A wight (D:7)
  A howler monkey (D:6)
  3 hounds
  An orc priest (D:7)
  A gnoll bouda (D:7)
  2 jellies (D:7)
  5 iguanas (D:5)
  Natasha (thrice) (D:2)
  3 orc wizards (D:7)
  9 gnolls
  6 adders
  A shadow imp (D:6)
  A white imp (D:5)
  6 worms
  2 dart slugs
  16 orcs
  5 endoplasms
  3 giant cockroaches
  6 hobgoblins
  4 jackals
  11 kobolds
  3 quokkas
  3 ball pythons
  4 bats
  4 frilled lizards
  6 goblins
  6 rats
136 creatures vanquished.

Table legend:
 A = Non-vault XP
 B = Vault XP
 C = Vault XP percentage of total XP
 D = Non-vault monster count
 E = Vault monster count
 F = Vault count percentage of total count
                 A         B        C        D         E       F
            +---------+---------+-------+---------+---------+-------
      Total |    2319 |    2693 |  53.7 |     119 |      16 |  11.9
            +---------+---------+-------+---------+---------+-------
        D:1 |      35 |       0 |   0.0 |      22 |       0 |   0.0
        D:2 |     107 |     274 |  71.9 |      17 |       2 |  10.5
        D:3 |      55 |       0 |   0.0 |      17 |       0 |   0.0
        D:4 |     219 |     673 |  75.4 |      12 |       1 |   7.7
        D:5 |     531 |     256 |  32.5 |      14 |       6 |  30.0
        D:6 |     749 |     772 |  50.8 |      15 |       2 |  11.8
        D:7 |     623 |     718 |  53.5 |      22 |       5 |  18.5
            +---------+---------+-------+---------+---------+-------

Skill      XL: |  1  2  3  4  5  6  7  8  9 |
---------------+----------------------------+-----
Unarmed Combat | 3 4 6 8 9 |  9.3
Shapeshifting  | 3 4 6 7 8 |  8.6
Invocations    | 4 |  4.2
Fighting       | |  1.0
Dodging        | |  1.7

Action                     |  1- 3 |  4- 6 |  7- 9 || total
---------------------------+-------+-------+-------++-------
  Melee: Unarmed           |    64 |   156 |   255 ||   475
         Punch             |       |     2 |     8 ||    10
  Evoke: Wand              |       |     2 |     8 ||    10
    Use: Potion            |     2 |     5 |     3 ||    10
         Scroll            |       |       |    11 ||    11
   Stab: Sleeping          |       |     2 |     1 ||     3
 Armour: Animal skin       |    10 |       |       ||    10
         Leather armour    |    21 |    22 |       ||    43
         Skin              |     2 |       |     2 ||     4
         Ring mail         |       |    24 |       ||    24
         Plate armour      |       |    15 |       ||    15
         Scale mail        |       |     5 |   143 ||   148
  Dodge: Dodged            |    36 |    70 |   206 ||   312
   Form: Flux              |       |       |     1 ||     1

Illustrated notes

Table legend:
 A = Kills in this place as a percentage of kills in the entire game.
 B = Kills by you in this place as a percentage of kills by you in the entire game.
 C = Kills by friends in this place as a percentage of kills by friends in the entire game.
 D = Other kills in this place as a percentage of other kills in the entire game.
 E = Experience gained in this place as a percentage of experience gained in the entire game.
 F = Experience gained in this place divided by the number of levels of this place that you have seen.
                   A       B       C       D       E      F
               +-------+-------+-------+-------+-------+----------------------
         Total | 100.0 | 100.0 |   N/A |   N/A | 100.0 | 626.5
       Dungeon | 100.0 | 100.0 |   N/A |   N/A | 100.0 | 716.0
               +-------+-------+-------+-------+-------+----------------------

Table legend: (Time is in decaauts)
 A = Elapsed time spent in this place.
 B = Non-inter-level travel time spent in this place.
 C = Inter-level travel time spent in this place.
 D = Time resting spent in this place.
 E = Time spent auto-exploring this place.
 F = Levels seen in this place.
 G = Mean time per level.
                   A        B        C        D        E       F      G
               +--------+--------+--------+--------+--------+-----+--------+
         Total |   7670 |   7401 |    269 |    161 |   5843 |   8 |  958.8 |
       Dungeon |   7571 |   7302 |    269 |    161 |   5843 |   7 | 1081.6 |
        Temple |     98 |     98 |      0 |      0 |      0 |   1 |   98.0 |
               +--------+--------+--------+--------+--------+-----+--------+

Top non-repeatable levels by time:
     D:6: 1783 daAuts
     D:5: 1246 daAuts
     D:1: 1168 daAuts
     D:2: 1063 daAuts
     D:4: 878 daAuts
     D:3: 762 daAuts
     D:7: 669 daAuts
  Temple: 98 daAuts
